 Dungeon Crawl Stone Soup version 0.22-a0-414-gacd343e8ff (webtiles) character file.

31604 FollowTheCloud the Destroyer (level 13, -5/114 HPs)
             Began as a Green Draconian Conjurer on May 13, 2018.
             Was an Elder of Vehumet.
             Slain by a water moccasin (9 damage)
             ... on level 5 of the Lair of Beasts.
             The game lasted 01:04:42 (22584 turns).

FollowTheCloud the Destroyer (DrCj)                Turns: 22584, Time: 01:04:42

Health: -5/114     AC:  9    Str: 15    XL:     13   Next: 26%
Magic:  4/29       EV: 16    Int: 20    God:    Vehumet [****..]
Gold:   886        SH:  3    Dex: 12    Spells: 14/36 levels left

rFire    . . .     SeeInvis .   E - +8 whip "Snakebite" {curare, rPois}
rCold    . . .     Gourm    .   (no shield)
rNeg     . . .     Faith    .   (armour unavailable)
rPois    +         Spirit   .   (helmet restricted)
rElec    .         Reflect  +   j - +0 cloak
rCorr    .         Harm     .   (no gloves)
MR       .....                  (no boots)
Stlth    +++.......             y - +3 amulet of reflection
HPRegen  0.29/turn              D - ring of stealth
MPRegen  0.21/turn              l - +4 ring of strength

@: short of breath
A: breathe noxious fumes, unfitting armour, poison resistance, cold-blooded, AC
+8
a: Breathe Noxious Fumes, Renounce Religion


You were on level 5 of the Lair of Beasts.
You worshipped Vehumet.
Vehumet was greatly pleased with you.
You were near starving.

You visited 3 branches of the dungeon, and saw 16 of its levels.

You collected 886 gold pieces.

Inventory:

Hand Weapons
 E - the +8 whip "Snakebite" (weapon) {curare, rPois}
   (You found it on level 1 of the Lair of Beasts)

   It poisons the flesh of those it strikes.
   It protects you from poison.
Armour
 j - a +0 cloak (worn)
Jewellery
 l - a +4 ring of strength (right hand)
 v - an uncursed ring of protection from fire
 y - a +3 amulet of reflection (around neck)
 D - a ring of stealth (left hand)
 K - a +3 ring of dexterity {unknown}
Wands
 o - a wand of enslavement (21)
 G - a wand of digging (17)
 J - a wand of flame (13)
 L - a wand of disintegration (6)
 M - a wand of random effects (18)
Scrolls
 d - 4 scrolls of fog
 e - 4 scrolls of identify
 f - 3 scrolls of remove curse
 g - 5 scrolls of enchant armour
 h - 2 scrolls of enchant weapon
 k - 5 scrolls of teleportation
 p - 3 scrolls of immolation
 s - 6 scrolls of amnesia
 w - a scroll of random uselessness
 B - 2 scrolls of fear {unknown}
 F - 2 scrolls of vulnerability {unknown}
 H - a scroll of acquirement {unknown}
 I - a scroll of silence {unknown}
Potions
 a - 2 potions of haste {unknown}
 c - 4 potions of mutation {unknown}
 i - 3 potions of agility
 m - a potion of magic {unknown}
 n - a potion of resistance
 q - 5 potions of curing {unknown}
 r - 2 potions of brilliance {unknown}
 t - a potion of heal wounds
 u - 5 potions of berserk rage
 x - a potion of lignification {unknown}
 z - 3 potions of flight {unknown}
 A - a potion of cancellation {unknown}
 C - 3 potions of might {unknown}
Comestibles
 b - 21 rations


   Skills:
 - Level 10.5 Fighting
 + Level 8.4 Dodging
 - Level 1.7 Stealth
 + Level 12.0 Spellcasting
 + Level 13.3 Conjurations
 - Level 3.2 Hexes


You had 14 spell levels left.
You knew the following spells:

 Your Spells              Type           Power        Failure   Level  Hunger
a - Magic Dart            Conj           ####         0%          1    None
b - Stone Arrow           Conj/Erth      #####.       1%          3    None
c - Iskenderun's Mystic   Conj           ######..     1%          4    #......
d - Dazzling Spray        Conj/Hex       #####.       1%          3    None
e - Fulminant Prism       Conj/Hex       #####.....   1%          4    #......
f - Searing Ray           Conj           ######       1%          2    None
z - Venom Bolt            Conj/Pois      #####.....   2%          5    ####...

Your spell library contained the following spells:

 Spells                   Type           Power        Failure   Level  Hunger
 Mephitic Cloud           Conj/Pois/Air  ####....     1%          3    None
 Olgreb's Toxic Radiance  Pois           ##......     16%         4    #......
 Sting                    Conj/Pois      ####         1%          1    None
 Spider Form              Tmut/Pois      ##........   17%         3    None
 Blade Hands              Tmut           ##........   83%         5    ####...
 Statue Form              Tmut/Erth      ##.......    100%        6    ######.
 Ice Form                 Ice/Tmut       ##......     50%         4    #......
 Dragon Form              Tmut           ##........   100%        7    #######
 Sticks to Snakes         Tmut           ##......     9%          2    None
 Beastly Appendage        Tmut           ##....       5%          1    None
 Force Lance              Conj/Tloc      #####...     1%          4    #......
 Hydra Form               Tmut           ##........   100%        6    ######.
 Irradiate                Conj/Tmut      #####.....   2%          5    ####...
 Poisonous Vapours        Pois/Air       ##....       9%          2    None


Dungeon Overview and Level Annotations

Branches:
Dungeon (9/15)             Temple (1/1) D:5            Lair (6/6) D:9
  Swamp (0/4) Lair:3        Snake (0/4) Lair:3        Slime (0/5) Lair:6
    Orc: D:9-12

Altars:
Ashenzari
Dithmenos
Elyvilon
Fedhas
Gozag
Hepliaklqana
Nemelex Xobeh
Okawaru
Ru
Sif Muna
Uskayaw
Vehumet
Wu Jian
Xom
Yredelemnul
Zin

Annotations:
Lair:5 exclusion: 2 oklob plants
Lair:6 Rupert


Innate Abilities, Weirdness & Mutations

You can breathe blasts of noxious fumes.
Your lurid green scales are hard. (AC +8)
You cannot fit into any form of body armour.
Your system is resistant to poisons. (rPois)
You are cold-blooded and may be slowed by cold attacks.


Message History

* * * LOW HITPOINT WARNING * * *
The water moccasin closely misses you.
The black mamba bites you but does no damage.
The black mamba closely misses you.
You feel sick.
You are no longer poisoned.
The black mamba closely misses you.
Press: ? - help, Shift-Dir - straight line, f - water moccasin, p - black mamba
Aim: a water moccasin You exhale a blast of noxious fumes.
The blast of choking fumes hits the black mamba.
The black mamba completely resists.
The black mamba is severely wounded.
The blast of choking fumes hits the water moccasin.
The water moccasin completely resists.
You feel somewhat more hungry.
The black mamba looks more healthy.
The black mamba closely misses you. You block the black mamba's attack.
The black mamba bites you!!
* * * LOW HITPOINT WARNING * * *
The water moccasin bites you!
You die...

..# #...###..#..###
.#####..##...###...##
.##.#...#.....#.....#
....#..###...###...##
......###..#..#§.#..###
.....##...###..§###...##
.....#.....#...§.#.....#
.P...##...###..S###...##
......###..#..#S@#..###
#####..###...###...##
######..#.....#.....# ###
...#.#####...###...## ##.#
....## ############# ######..#
.....###......## #####.#.....#
.......##P.....#####.#.#.......#
.......##.......##..#..........#
.......####......#.............#


You could see a black mamba and a water moccasin.

Vanquished Creatures
  2 entropy weavers (Lair:5)
  5 hydras
  A death yak (D:8)
  4 two-headed ogres
  A queen ant (Lair:4)
  Sonja (Lair:1)
  Joseph (D:8)
  Psyche (D:8)
  4 black mambas
  9 spiny frogs
  2 rime drakes
  2 komodo dragons
  A polar bear (Lair:4)
  A hornet (D:9)
  Prince Ribbit (D:5)
  17 blink frogs
  2 hippogriffs
  A slime creature (Lair:4)
  A spriggan (D:9)
  2 wyverns
  8 yaks
  Grum (Lair:1)
  A basilisk (Lair:1)
  A hungry ghost (D:9)
  3 nagas (Lair:3)
  16 soldier ants
  Duvessa (D:6)
  6 porcupines
  10 water moccasins
  2 orc warriors (D:8)
  A swamp drake (Lair:3)
  A sky beast (D:4)
  6 wolves
  A phantom (D:6)
  3 centaurs
  4 ogres
  9 crocodiles
  12 bullfrogs
  7 scorpions
  Dowan (D:6)
  3 wights (D:9)
  6 killer bees
  2 howler monkeys
  5 crimson imps
  11 jellies
  A quasit (D:9)
  9 hounds
  6 orc priests
  16 orc wizards
  2 bullfrog skeletons
  Ijyb (D:3)
  26 worker ants
  2 iguanas (Lair:3)
  4 hell rats (Lair:4)
  A hound zombie (D:8)
  2 hound skeletons (D:4)
  4 gnolls
  A worker ant zombie (D:5)
  17 adders
  18 oozes
  2 adder skeletons
  A worm (D:2)
  2 leopard geckos (D:3)
  33 orcs
  3 ball pythons
  9 bats
  6 giant cockroaches
  6 hobgoblins
  7 jackals
  6 kobolds
  5 quokkas
  3 frilled lizards
  5 goblins
  4 rats
382 creatures vanquished.

Vanquished Creatures (others)
  2 blink frogs (Lair:1)
  A centaur (D:9)
  3 fulminant prisms
  6 fungi
  8 plants
20 creatures vanquished.

Grand Total: 402 creatures vanquished

Notes
Turn   | Place    | Note
-------+----------+-------------------------------------------
     0 | D:1      | FollowTheCloud the Draconian Conjurer began the quest for the Orb.
     0 | D:1      | Reached XP level 1. HP: 14/14 MP: 3/3
     2 | D:1      | Noticed a human
     2 | D:1      | Noticed a gargoyle
     4 | D:1      | Noticed a formicid
     4 | D:1      | Noticed a merfolk
     6 | D:1      | Noticed a demigod
     6 | D:1      | Noticed a minotaur
     8 | D:1      | Noticed a dwarf
     8 | D:1      | Noticed a tengu
    10 | D:1      | Noticed a troll
    12 | D:1      | Noticed a spriggan
    14 | D:1      | Noticed a draconian
    14 | D:1      | Noticed a ghoul
    16 | D:1      | Noticed an elf
    16 | D:1      | Noticed an octopode
    18 | D:1      | Noticed a halfling
    18 | D:1      | Noticed a centaur
    20 | D:1      | Noticed a felid
    22 | D:1      | Noticed a demonspawn
    22 | D:1      | Noticed a naga
    24 | D:1      | Noticed a vampire
    26 | D:1      | Noticed an ogre
    26 | D:1      | Noticed a vine stalker
   385 | D:1      | Reached XP level 2. HP: 22/22 MP: 0/5
   590 | D:1      | Reached skill level 1 in Fighting
  1516 | D:2      | Reached XP level 3. HP: 28/28 MP: 2/6
  1921 | D:2      | Reached XP level 4. HP: 36/36 MP: 4/8
  2256 | D:2      | Learned a level 2 spell: Searing Ray
  2261 | D:2      | Learned a level 4 spell: Iskenderun's Mystic Blast
  2703 | D:3      | Noticed Ijyb
  2725 | D:3      | Killed Ijyb
  3306 | D:4      | Reached skill level 5 in Conjurations
  3306 | D:4      | Reached XP level 5. HP: 42/44 MP: 1/9
  3758 | D:4      | Reached XP level 6. HP: 47/51 MP: 2/11
  4431 | D:5      | Entered Level 5 of the Dungeon
  4437 | D:5      | Noticed a water moccasin
  4605 | D:5      | Killed a water moccasin
  4605 | D:5      | Your scales start taking on a lurid green colour.
  4605 | D:5      | Reached XP level 7. HP: 44/60 MP: 2/13
  4605 | D:5      | Gained mutation: Your system is resistant to poisons. (rPois) [Green Draconian growth]
  4774 | D:5      | Reached skill level 6 in Conjurations
  4836 | D:5      | Noticed Prince Ribbit
  4919 | D:5      | Reached skill level 5 in Fighting
  5425 | D:5      | Reached skill level 5 in Spellcasting
  5555 | D:5      | Killed Prince Ribbit
  5555 | D:5      | Reached XP level 8. HP: 24/70 MP: 10/16
  5928 | D:5      | Reached skill level 7 in Conjurations
  6207 | D:5      | Found a staircase to the Ecumenical Temple.
  6231 | Temple   | Entered the Ecumenical Temple
  6260 | Temple   | Became a worshipper of Vehumet
  6444 | D:5      | Learned a level 3 spell: Dazzling Spray
  6685 | D:6      | Noticed a two-headed ogre
  6868 | D:6      | Noticed Duvessa
  6868 | D:6      | Noticed Dowan
  6877 | D:6      | Killed Dowan
  6879 | D:6      | Killed Duvessa
  6879 | D:6      | Reached skill level 1 in Hexes
  6991 | D:6      | Killed a two-headed ogre
  6991 | D:6      | Reached XP level 9. HP: 79/79 MP: 3/18
  7154 | D:6      | Reached skill level 8 in Conjurations
  7777 | D:6      | Learned a level 4 spell: Fulminant Prism
  7963 | D:7      | Reached * piety under Vehumet
  7963 | D:7      | Offered knowledge of Freeze by Vehumet.
  9250 | D:8      | Noticed a two-headed ogre
  9327 | D:8      | Killed a two-headed ogre
  9327 | D:8      | Reached skill level 9 in Conjurations
  9327 | D:8      | Reached XP level 10. HP: 88/88 MP: 3/21
  9354 | D:8      | Noticed Joseph
  9519 | D:8      | Noticed Psyche
  9524 | D:8      | Killed Psyche
  9554 | D:8      | Killed Joseph
  9557 | D:8      | Noticed a two-headed ogre
  9686 | D:8      | Killed a two-headed ogre
 10047 | D:8      | Reached ** piety under Vehumet
 10048 | D:8      | Offered knowledge of Sandblast by Vehumet.
 10607 | D:9      | Noticed a death yak
 10609 | D:9      | Noticed a death yak
 11059 | D:9      | Reached skill level 5 in Dodging
 11059 | D:9      | Reached skill level 10 in Conjurations
 11363 | D:9      | Noticed a death yak
 11365 | D:9      | Noticed a death yak
 11365 | D:9      | Noticed a death yak
 11367 | D:9      | Noticed a death yak
 11770 | D:9      | Noticed a two-headed ogre
 12065 | D:9      | Found a shattered altar of Ashenzari.
 12100 | D:9      | Found a staircase to the Lair.
 12288 | D:9      | Killed a two-headed ogre
 12288 | D:9      | Reached XP level 11. HP: 95/95 MP: 5/24
 12453 | D:9      | Offered knowledge of Ignite Poison by Vehumet.
 12805 | D:8      | Killed a death yak
 13204 | Lair:1   | Entered Level 1 of the Lair of Beasts
 13204 | Lair:1   | Noticed Sonja
 13212 | Lair:1   | Killed Sonja
 13348 | Lair:1   | Reached *** piety under Vehumet
 13812 | Lair:1   | Found the +8 whip "Snakebite" {curare, rPois}
 13935 | Lair:1   | Reached skill level 11 in Conjurations
 14197 | Lair:1   | Noticed Grum
 14260 | Lair:1   | Killed Grum
 14469 | Lair:1   | Reached skill level 10 in Fighting
 14685 | Lair:1   | Reached skill level 10 in Spellcasting
 15166 | Lair:2   | Noticed a seven-headed hydra
 15510 | Lair:2   | Killed a seven-headed hydra
 16150 | Lair:2   | Offered knowledge of Stone Arrow by Vehumet.
 16150 | Lair:2   | Reached XP level 12. HP: 105/107 MP: 24/26
 16155 | Lair:2   | Learned a level 3 spell: Stone Arrow
 16797 | Lair:3   | Reached skill level 12 in Conjurations
 16963 | Lair:3   | Found a staircase to the Swamp.
 17445 | Lair:3   | Noticed a four-headed hydra
 17580 | Lair:3   | Killed a four-headed hydra
 17698 | Lair:3   | Reached **** piety under Vehumet
 17885 | Lair:3   | Found a staircase to the Snake Pit.
 17903 | Lair:3   | Got a distressingly furry buckler
 17909 | Lair:3   | Identified the cursed +0 buckler of the Empire {MR- Str+3 Dex+3} (You found it on level 3 of the Lair of Beasts)
 18773 | Lair:4   | Noticed a six-headed hydra
 18778 | Lair:4   | Killed a six-headed hydra
 19190 | Lair:4   | Offered knowledge of Inner Flame by Vehumet.
 19617 | Lair:5   | Noticed a four-headed hydra
 20013 | Lair:5   | Learned a level 5 spell: Venom Bolt
 20134 | Lair:5   | Noticed a queen ant
 20168 | Lair:4   | Reached ***** piety under Vehumet
 20303 | Lair:4   | Killed a queen ant
 20380 | Lair:5   | Offered knowledge of Lee's Rapid Deconstruction by Vehumet.
 20746 | Lair:5   | Killed a four-headed hydra
 20746 | Lair:5   | Reached skill level 13 in Conjurations
 20746 | Lair:5   | Reached XP level 13. HP: 68/114 MP: 9/28
 20805 | Lair:5   | Noticed an entropy weaver
 20909 | Lair:5   | Killed an entropy weaver
 21497 | Lair:5   | Noticed an entropy weaver
 22181 | Lair:6   | Entered Level 6 of the Lair of Beasts
 22210 | Lair:5   | Killed an entropy weaver
 22301 | Lair:6   | Found a staircase to the Slime Pits.
 22543 | Lair:6   | Noticed Rupert
 22584 | Lair:5   | HP: 4/114 [black mamba (19)]
 22584 | Lair:5   | Slain by a water moccasin

Vault maps used:
D:1:      kb_arrival_jail, dk_noncrumbling_3, minivault_19
D:2:      first_ration, kennysheep_minor_cross
D:3:      kennysheep_cluttered_room, uniq_ijyb
D:5:      minmay_temple_entry_mist, serial_bayou_pond_a, kennysheep_potato,
          uniq_prince_ribbit1
D:6:      st_stairs_9, uniq_duvessa
D:8:      uniq_joseph, uniq_psyche
D:9:      cheibrodos_ashenzari_chains, dpeg_lair_monsters, grunt_pizzeria
Temple:   nicolae_temple_the_god_donut
Lair:1:   minmay_guarded_unrand_snakebite, lemuel_old_faithful, uniq_sonja,
          uniq_grum
Lair:2:   infiniplex_staircase_pool, lemuel_fruit_fields
Lair:3:   minmay_swamp_entry_reptiles, minmay_snake_entry_guardpost_small
Lair:4:   lemuel_slime, minmay_holes, grunt_megastairs_5
Lair:5:   zaba_antful_of_joy, minmay_lair_oklob_chamber
Lair:6:   gammafunk_lair_ancient_temple, nicolae_slime_entry_slimehenge,
          uniq_nessos, uniq_rupert

Skill      XL: |  1  2  3  4  5  6  7  8  9 10 11 12 13 |
---------------+----------------------------------------+-----
Fighting       | 1 2 3 4 5 7 8 10 | 10.5
Spellcasting   | 3 4 5 6 7 9 10 11 12 | 12.0
Conjurations   | 5 6 7 9 10 11 13 | 13.3
Hexes          | 2 3 |  3.2
Dodging        | 3 5 7 8 |  8.4
Stealth        | |  1.7

Action                   |  1- 3 |  4- 6 |  7- 9 | 10-12 | 13-15 || total
-------------------------+-------+-------+-------+-------+-------++-------
Melee: Unarmed           |    17 |       |       |       |       ||    17
       Tailslap          |     2 |     7 |    20 |    32 |     9 ||    70
       Dagger            |       |    60 |   244 |   122 |       ||   426
       Whip              |       |       |       |   171 |    62 ||   233
 Cast: Magic Dart        |    77 |    74 |    96 |   194 |    18 ||   459
       Iskenderun's Myst |       |     2 |    52 |   164 |    11 ||   229
       Searing Ray       |       |    12 |     8 |       |       ||    20
       Dazzling Spray    |       |       |     2 |    11 |       ||    13
       Fulminant Prism   |       |       |     1 |     2 |       ||     3
       Stone Arrow       |       |       |       |    92 |    15 ||   107
       Venom Bolt        |       |       |       |    17 |    33 ||    50
 Abil: Breathe Noxious F |       |       |    13 |    28 |     1 ||    42
Evoke: Wand              |       |       |     1 |       |       ||     1
  Use: Scroll            |       |       |       |     8 |     1 ||     9
       Potion            |       |       |       |       |     1 ||     1
 Stab: Sleeping          |       |     1 |     2 |       |       ||     3
       Confused          |       |       |     3 |     4 |       ||     7
       Invisible         |       |       |     1 |     1 |       ||     2
  Eat: Chunk             |     4 |     9 |    25 |    32 |     6 ||    76
       Ration            |       |       |       |     7 |     1 ||     8
Armor: Skin              |     5 |    22 |    89 |    83 |    28 ||   227
Dodge: Dodged            |    13 |    51 |   170 |   268 |   113 ||   615
Block: Other             |       |       |     4 |    41 |    13 ||    58
       Reflection        |       |       |       |     2 |       ||     2

Table legend:
 A = Spawn XP
 B = Non-spawn XP
 C = Spawn XP percentage of total XP
 D = Spawn monster count
 E = Non-spawn monster count
 F = Spawn count percentage of total count
 G = Total turns spent on level
                    A         B        C        D         E        F      G
               +---------+---------+-------+---------+---------+-------+---------
         Total |       0 |   45149 |   0.0 |       0 |     383 |   0.0 | 22584
               +---------+---------+-------+---------+---------+-------+---------
           D:1 |       0 |      34 |   0.0 |       0 |      18 |   0.0 |  1260
           D:2 |       0 |      83 |   0.0 |       0 |      21 |   0.0 |  1081
           D:3 |       0 |      77 |   0.0 |       0 |      15 |   0.0 |   914
           D:4 |       0 |     538 |   0.0 |       0 |      25 |   0.0 |  1934
           D:5 |       0 |    1319 |   0.0 |       0 |      34 |   0.0 |  1439
           D:6 |       0 |    1699 |   0.0 |       0 |      20 |   0.0 |  1095
           D:7 |       0 |     932 |   0.0 |       0 |      17 |   0.0 |  1639
           D:8 |       0 |    4555 |   0.0 |       0 |      34 |   0.0 |  1944
           D:9 |       0 |    3061 |   0.0 |       0 |      29 |   0.0 |  1843
        Lair:1 |       0 |    6053 |   0.0 |       0 |      28 |   0.0 |  1978
        Lair:2 |       0 |    4254 |   0.0 |       0 |      19 |   0.0 |  1385
        Lair:3 |       0 |    5970 |   0.0 |       0 |      27 |   0.0 |  1794
        Lair:4 |       0 |    4184 |   0.0 |       0 |      37 |   0.0 |  1527
        Lair:5 |       0 |   10307 |   0.0 |       0 |      49 |   0.0 |  2404
        Lair:6 |       0 |    2083 |   0.0 |       0 |      10 |   0.0 |   292
               +---------+---------+-------+---------+---------+-------+---------
